 Dungeon Crawl Stone Soup version 0.21-a0-471-gd587bd5 (webtiles) character file.

127 dududu the Skirmisher (level 5, 46/46 HPs)
             Began as a Hill Orc Skald on Nov 21, 2017.
             Quit the game on level 4 of the Dungeon.
             The game lasted 00:10:16 (3879 turns).

dududu the Skirmisher (Hill Orc Skald)              Turns: 3879, Time: 00:10:17

Health: 46/46      AC:  5    Str: 14    XL:     5   Next: 11%
Magic:  7/7        EV: 10    Int: 14    God:
Gold:   132        SH:  0    Dex: 10    Spells: 1/7 levels left

rFire    + . .     SeeInvis .   D - +1 hand axe (elec)
rCold    . . .     Gourm    .   (no shield)
rNeg     . . .     Faith    .   u - +0 ring mail
rPois    .         Spirit   +   (no helmet)
rElec    .         Reflect  .   (no cloak)
rCorr    .         Harm     .   (no gloves)
MR       .....                  (no boots)
Stlth    ..........             o - amulet of guardian spirit
HPRegen  0.15/turn              (no ring)
MPRegen  0.10/turn              y - ring of protection from fire

@: no status effects
A: no striking features
a: no special abilities


You were on level 4 of the Dungeon.
You were not hungry.

You visited 1 branch of the dungeon, and saw 4 of its levels.

You collected 132 gold pieces.

Inventory:

Hand Weapons
 a - a +0 spear
 D - a +1 hand axe of electrocution (weapon)
Missiles
 f - 82 stones
 i - 6 tomahawks (quivered)
Armour
 b - a +1 leather armour
 u - a +0 ring mail (worn)
Jewellery
 o - an amulet of guardian spirit (around neck)
 y - a ring of protection from fire (right hand)
 B - an uncursed ring of ice {unknown}
 C - a +2 ring of strength
Scrolls
 e - a scroll of teleportation {unknown}
 h - a scroll of fear {unknown}
 m - a scroll of enchant armour
 p - 3 scrolls of identify {unknown}
 q - a scroll of magic mapping {unknown}
 x - a scroll of enchant weapon {unknown}
Potions
 g - 2 potions of curing {unknown}
 j - a potion of agility
 k - a potion of lignification {unknown}
 l - a potion of berserk rage {unknown}
 n - a potion of haste {unknown}
 r - a potion of mutation {unknown}
 s - a potion of brilliance {unknown}
 v - a potion of resistance {unknown}
 w - 3 potions of magic {unknown}
Books
 c - a book of Battle

   Spells                             Type                      Level
   a - Infusion                       Charms                       1
   b - Shroud of Golubria             Charms/Translocation         2
   c - Song of Slaying                Charms                       2
   d - Spectral Weapon                Hexes/Charms                 3
   e - Regeneration                   Charms/Necromancy            3
 E - a book of Minor Magic

   Spells                             Type                      Level
   a - Magic Dart                     Conjuration                  1
   b - Blink                          Translocation                2
   c - Call Imp                       Summoning                    2
   d - Slow                           Hexes                        2
   e - Conjure Flame                  Conjuration/Fire             3
   f - Mephitic Cloud                 Conjuration/Poison/Air       3
Comestibles
 d - 3 bread rations
 t - 4 fruits
 z - 2 meat rations
 A - a royal jelly


   Skills:
 + Level 3.9 Fighting
 + Level 3.5 Polearms
 - Level 1.1 Armour
 - Level 1.5 Dodging
 - Level 1.5 Spellcasting
 * Level 1.0 Hexes
 * Level 3.6 Charms


You had one spell level left.
You knew the following spells:

 Your Spells              Type           Power        Failure   Level  Hunger
a - Infusion              Chrm           ##..         12%         1    ##.....
b - Shroud of Golubria    Chrm/Tloc      #.........   36%         2    ###....
c - Spectral Weapon       Hex/Chrm       #.......     52%         3    ####...


Dungeon Overview and Level Annotations

Branches:
Dungeon (4/15)
 Temple: D:4-7

Altars:
Dithmenos
Okawaru
Ru
Uskayaw
Xom


Message History

This raw flesh tastes terrible.
There is an open door here.
There is an open door here.
There is an open door here.
Things that are here:
a club; a short sword Done exploring.
You see here a falchion.
There is a stone staircase leading down here.
You see here a club.
You climb downwards.
There is a stone staircase leading up here.
Found 15 poisoned needles.
Found a leatherbound book.
E - a book of Minor Magic
Okay, then.
Saving game... please wait.
Welcome back, dududu the Hill Orc Skald.
Press ? for a list of commands and other information.
Are you sure you want to abandon this character and quit the game? (Confirm with "yes".)

############
#..........#
#.####.###.#
#.#......#
#.#...<#.#
#.######.#
#......#.#
######.#@#
#..(# #####


There were no monsters in sight!

Vanquished Creatures
  3 adders
  3 worms
  3 dart slugs
  A leopard gecko (D:3)
  6 orcs (D:3)
  3 giant cockroaches
  7 hobgoblins
  9 jackals
  2 quokkas
  A ball python (D:1)
  12 bats
  6 frilled lizards
  7 goblins
  6 kobolds
  7 rats
76 creatures vanquished.

Notes
Turn   | Place    | Note
-------+----------+-------------------------------------------
     0 | D:1      | dududu the Hill Orc Skald began the quest for the Orb.
     0 | D:1      | Reached XP level 1. HP: 18/18 MP: 3/3
    66 | D:1      | Reached XP level 2. HP: 22/25 MP: 1/4
   895 | D:1      | Reached XP level 3. HP: 31/31 MP: 5/5
  1348 | D:2      | Learned a level 2 spell: Shroud of Golubria
  1364 | D:2      | Found an iron altar of Okawaru.
  1390 | D:2      | Noticed a hand axe
  1390 | D:2      | Noticed a dagger
  1391 | D:2      | Found a hide-covered altar of Uskayaw.
  1816 | D:2      | Found a shadowy altar of Dithmenos.
  2016 | D:2      | Found a sacrificial altar of Ru.
  2018 | D:2      | Reached XP level 4. HP: 38/38 MP: 6/6
  2650 | D:3      | Learned a level 3 spell: Spectral Weapon
  2740 | D:3      | Found a shimmering altar of Xom.
  3155 | D:3      | Reached XP level 5. HP: 29/46 MP: 2/7
  3628 | D:3      | Reached skill level 1 in Hexes
  3879 | D:4      | Quit the game

Vault maps used:
D:1:      dpeg_arrival_subterranean_lakeside_camping
D:2:      dancing_weapons_uskayaw, lemuel_coloured_pillars_altar,
          nicolae_ru_great_annihilating_truth, okawaru_metal_pillars_3
D:3:      minmay_door_path, lemuel_round_altar, first_bread
D:4:      tgw_sif, elyvilon_altar_3, minmay_rat_hole

Skill      XL: |  1  2  3  4  5 |
---------------+----------------+-----
Fighting       | 3 |  3.9
Charms         | 3 |  3.6
Polearms       | 3 |  3.5
Hexes          | 1 |  1.0
Armour         | |  1.1
Dodging        | |  1.5
Spellcasting   | |  1.5

Action                   |  1- 3 |  4- 6 || total
-------------------------+-------+-------++-------
Melee: Spear             |   179 |   128 ||   307
       Hand axe          |       |    31 ||    31
Throw: Tomahawk          |     3 |       ||     3
 Cast: Infusion          |     4 |     4 ||     8
  Use: Scroll            |     2 |     1 ||     3
       Potion            |     1 |       ||     1
 Stab: Sleeping          |     2 |       ||     2
       Paralysed         |     1 |       ||     1
  Eat: Chunk             |     4 |     6 ||    10
Armor: Leather armour    |    40 |    28 ||    68
       Ring mail         |       |    17 ||    17
Dodge: Dodged            |    89 |    82 ||   171

Table legend:
 A = Spawn XP
 B = Non-spawn XP
 C = Spawn XP percentage of total XP
 D = Spawn monster count
 E = Non-spawn monster count
 F = Spawn count percentage of total count
 G = Total turns spent on level
                    A         B        C        D         E        F      G
               +---------+---------+-------+---------+---------+-------+---------
         Total |       0 |     182 |   0.0 |       0 |      76 |   0.0 |  3879
               +---------+---------+-------+---------+---------+-------+---------
           D:1 |       0 |      45 |   0.0 |       0 |      26 |   0.0 |  1559
           D:2 |       0 |      71 |   0.0 |       0 |      25 |   0.0 |   869
           D:3 |       0 |      66 |   0.0 |       0 |      25 |   0.0 |  1430
               +---------+---------+-------+---------+---------+-------+---------
